[Event "FIDE WYCC Girls U16 2023"]
[Site "Montesilvano"]
[Date "2023.11.15"]
[Round "3.28"]
[White "Tadic, Ana"]
[Black "Kawa, Anna"]
[Result "1-0"]
[ECO "E17"]
[WhiteElo "1791"]
[BlackElo "1622"]
[Annotator "NA"]
[PlyCount "143"]
[EventDate "2023.11.13"]
[EventType "swiss"]
[EventCountry "ITA"]
[SourceTitle "playchess.com"]
[Source "ChessBase"]
[SourceQuality "1"]
[TimeControl "40/5400+30:1800+30"]

1. Nf3 e6 2. g3 b6 3. Bg2 Bb7 4. O-O Nf6 5. d4 Be7 6. c4 O-O 7. b3 d5 8. Bb2 Nbd7 9. Nc3 c5 10. e3 Rc8 11. cxd5 Nxd5 12. Ne2 Bf6 13. e4 Nb4 14. a3 Na6 15. e5 Be7 16. Re1 Qc7 17. Rc1 Rfd8 18. Nf4 Nf8 19. Qe2 Qb8 20. Rcd1 Ng6 21. Nxg6 hxg6 22. d5 Rxd5 23. Rxd5 Bxd5 24. Qxa6 Bxb3 25. Qb5 Bd5 26. Nd2 Bxg2 27. Kxg2 Qb7+ 28. f3 a6 29. Qb3 b5 30. Ne4 c4 31. Qe3 Rd8 32. Nf2 Rd5 33. Qc3 Qd7 34. Re2 Bc5 35. Ne4 Bd4 36. Qa5 Bxb2 37. Rxb2 Rxe5 38. Qxa6 Rd5 39. Qa8+ Kh7 40. h4 f6 41. Qa5 Qc6 42. Qb4 Qd7 43. Rd2 Rd3 44. Rxd3 Qxd3 45. Qc3 Qe2+ 46. Kg1 e5 47. g4 Qd1+ 48. Kf2 Qh1 49. Ke2 Qb1 50. Nd6 Qa2+ 51. Ke3 Qb1 52. Kd2 Kg8 53. Qc2 Qf1 54. Nxb5 Qxf3 55. Qxc4+ Kh7 56. Nc3 Qf2+ 57. Qe2 Qxh4 58. a4 Qg5+ 59. Kc2 Qf4 60. a5 Qd4 61. a6 Qc5 62. Qb5 Qf2+ 63. Kb3 e4 64. Nxe4 Qf3+ 65. Nc3 Qxg4 66. a7 Qe6+ 67. Kc2 Qc8 68. Qb8 Qf5+ 69. Kb2 Qf2+ 70. Kb3 Qe3 71. a8=Q Qe6+ 72. Qd5 1-0

[Event "FIDE WYCC Girls U16 2023"]
[Site "Montesilvano"]
[Date "2023.11.15"]
[Round "3.29"]
[White "Young, Anna Ovidia"]
[Black "Berezovsky, Fiorina"]
[Result "0-1"]
[ECO "A29"]
[WhiteElo "1502"]
[BlackElo "1787"]
[Annotator "NA"]
[PlyCount "108"]
[EventDate "2023.11.13"]
[EventType "swiss"]
[EventCountry "ITA"]
[SourceTitle "playchess.com"]
[Source "ChessBase"]
[SourceQuality "1"]
[TimeControl "40/5400+30:1800+30"]

1. c4 e5 2. g3 Nf6 3. Bg2 Bc5 4. Nf3 Nc6 5. O-O d6 6. Nc3 a6 7. a3 Ba7 8. b4 O-O 9. Bb2 Be6 10. d3 Re8 11. Rc1 Qd7 12. Qd2 h6 13. Rfd1 Bh3 14. e3 Rad8 15. Qc2 Bg4 16. Ne2 Ne7 17. Re1 Ng6 18. d4 e4 19. Nd2 Bxe2 20. Rxe2 Qg4 21. Nxe4 Nxe4 22. f3 Qg5 23. fxe4 h5 24. Rf1 h4 25. Rf5 Qh6 26. Bf3 Ne7 27. Rh5 Qf6 28. e5 Qxf3 29. Qh7+ Kf8 30. Rf2 Qxe3 31. exd6 Rxd6 32. Re5 Qh6 33. Qxh6 Rxh6 34. gxh4 Rxh4 35. Kg2 Bxd4 36. Bxd4 Rxd4 37. c5 Ng6 38. Rg5 Nf4+ 39. Kg3 Re3+ 40. Rf3 Rxf3+ 41. Kxf3 Ne6 42. Rg3 Rd3+ 43. Ke4 Rxg3 44. hxg3 Ke7 45. Ke5 g6 46. g4 f6+ 47. Kd5 f5 48. gxf5 gxf5 49. c6 bxc6+ 50. Kxc6 f4 51. a4 f3 52. b5 axb5 53. axb5 f2 54. Kb7 f1=Q 0-1

[Event "FIDE WYCC Girls U16 2023"]
[Site "Montesilvano"]
[Date "2023.11.15"]
[Round "3.30"]
[White "Vukovic, Sara"]
[Black "Kosma, Maria"]
[Result "1/2-1/2"]
[ECO "D02"]
[WhiteElo "1340"]
[BlackElo "1780"]
[Annotator "NA"]
[PlyCount "100"]
[EventDate "2023.11.13"]
[EventType "swiss"]
[EventCountry "ITA"]
[SourceTitle "playchess.com"]
[Source "ChessBase"]
[SourceQuality "1"]
[TimeControl "40/5400+30:1800+30"]

1. d4 Nf6 2. Bf4 d5 3. Nf3 c5 4. e3 Nc6 5. c4 e6 6. a3 cxd4 7. Nxd4 Qa5+ 8. Nd2 Nxd4 9. exd4 dxc4 10. Bxc4 Qf5 11. Bg3 Be7 12. O-O O-O 13. Qb3 Rd8 14. Nf3 Nh5 15. Rad1 Qa5 16. d5 b5 17. Qxb5 Qxb5 18. Bxb5 Nxg3 19. hxg3 Rb8 20. Nd4 exd5 21. Nc6 Rxb5 22. Nxe7+ Kf8 23. Nxc8 Rxc8 24. Rd2 a5 25. Rfd1 Rd8 26. f3 Ke7 27. b4 axb4 28. axb4 Kd6 29. Kf2 Ra8 30. Rb2 Rc8 31. Ke2 Rc4 32. Rdb1 h5 33. Kd3 g6 34. Rb3 f6 35. R3b2 g5 36. Rb3 f5 37. R3b2 h4 38. gxh4 Rxh4 39. g3 Rc4 40. Rb3 f4 41. g4 Kd7 42. R3b2 Rb8 43. b5 Re8 44. Re2 Rxe2 45. Kxe2 Rc3 46. b6 Kc8 47. Rb5 Re3+ 48. Kf2 Rd3 49. Ke2 Rd4 50. b7+ Kb8 1/2-1/2

[Event "FIDE WYCC Girls U16 2023"]
[Site "Montesilvano"]
[Date "2023.11.15"]
[Round "3.31"]
[White "Radenkovic, Mila"]
[Black "Regidor, Kaye Lalaine"]
[Result "0-1"]
[ECO "C47"]
[WhiteElo "1767"]
[BlackElo "1598"]
[Annotator "NA"]
[PlyCount "84"]
[EventDate "2023.11.13"]
[EventType "swiss"]
[EventCountry "ITA"]
[SourceTitle "playchess.com"]
[Source "ChessBase"]
[SourceQuality "1"]
[TimeControl "40/5400+30:1800+30"]

1. e4 e5 2. Nf3 Nf6 3. Nc3 Nc6 4. d4 exd4 5. Nxd4 Bb4 6. Nxc6 bxc6 7. Bd3 d5 8. exd5 cxd5 9. O-O O-O 10. h3 c6 11. Qf3 Bd7 12. a3 Bd6 13. Ne2 Re8 14. Bg5 h6 15. Bf4 Bxf4 16. Nxf4 Ne4 17. Bxe4 Rxe4 18. Nd3 Qe7 19. b4 Re8 20. Rfe1 Qg5 21. Qg3 Qxg3 22. fxg3 Bf5 23. g4 Bg6 24. Rxe4 Rxe4 25. Kf2 Rc4 26. Ra2 Be4 27. Ne1 Rc3 28. a4 a6 29. b5 cxb5 30. axb5 axb5 31. Rb2 b4 32. Rxb4 Bxc2 33. Rb8+ Kh7 34. Rb7 Kg6 35. Nf3 Be4 36. Ne5+ Kf6 37. Nxf7 d4 38. Nd6 Bxb7 39. Nxb7 Ke7 40. h4 Kd7 41. g5 Kc7 42. gxh6 gxh6 0-1

[Event "FIDE WYCC Girls U16 2023"]
[Site "Montesilvano"]
[Date "2023.11.15"]
[Round "3.32"]
[White "Recica, Jona"]
[Black "Kiraly, Lilla Virag"]
[Result "0-1"]
[ECO "B23"]
[WhiteElo "1264"]
[BlackElo "1765"]
[Annotator "NA"]
[PlyCount "120"]
[EventDate "2023.11.13"]
[EventType "swiss"]
[EventCountry "ITA"]
[SourceTitle "playchess.com"]
[Source "ChessBase"]
[SourceQuality "1"]
[TimeControl "40/5400+30:1800+30"]

1. e4 c5 2. Nc3 d6 3. f4 Nc6 4. Nf3 g6 5. Bb5 Bg7 6. Bxc6+ bxc6 7. d3 e6 8. O-O Ne7 9. Qe1 Qb6 10. Qh4 Ba6 11. f5 gxf5 12. Qg3 Bd4+ 13. Nxd4 cxd4 14. Ne2 Qc5 15. exf5 Nxf5 16. Qf3 Qd5 17. Qh5 Qe5 18. Bf4 Qg7 19. Ng3 Nxg3 20. Bxg3 e5 21. Bh4 Rg8 22. Rf2 Bc8 23. Qf3 Bd7 24. Re1 Rc8 25. h3 Be6 26. Kh2 Bd5 27. Qg3 Qxg3+ 28. Bxg3 Rb8 29. b3 Kd7 30. Rc1 Rg6 31. Rg1 Rh6 32. Rgf1 Rg8 33. Rf6 Rhg6 34. Rxg6 Rxg6 35. Rg1 f5 36. Be1 h5 37. a4 Ke6 38. b4 e4 39. dxe4 Bxe4 40. c3 dxc3 41. Bxc3 Kd5 42. g3 Kc4 43. Bd2 d5 44. Rc1+ Kd3 45. Bf4 a6 46. Rc5 Kd4 47. Kg1 Bd3 48. Kf2 Bc4 49. Be3+ Kc3 50. b5 cxb5 51. axb5 axb5 52. Rc8 d4 53. Bf4 d3 54. Ke1 Re6+ 55. Kd1 Ra6 56. Be5+ Kb4 57. Rh8 Re6 58. Bf4 Re2 59. Rxh5 Kc3 60. Rxf5 Bb3+ 0-1

[Event "FIDE WYCC Girls U16 2023"]
[Site "Montesilvano"]
[Date "2023.11.15"]
[Round "3.33"]
[White "Bruntse, Kathrine Lindegaard"]
[Black "Conde Mares, Vanya Briseyda"]
[Result "1-0"]
[ECO "D30"]
[WhiteElo "1746"]
[BlackElo "1566"]
[Annotator "NA"]
[PlyCount "95"]
[EventDate "2023.11.13"]
[EventType "swiss"]
[EventCountry "ITA"]
[SourceTitle "playchess.com"]
[Source "ChessBase"]
[SourceQuality "1"]
[TimeControl "40/5400+30:1800+30"]

1. d4 d5 2. c4 e6 3. Nf3 a6 4. Bg5 Nf6 5. e3 Nc6 6. Nc3 dxc4 7. Bxc4 b5 8. Bd3 h6 9. Bh4 Be7 10. O-O O-O 11. Rc1 Bb7 12. Bb1 b4 13. Na4 Nd5 14. Bxe7 Ndxe7 15. Nc5 Bc8 16. Qd3 f5 17. e4 a5 18. Rfd1 Qd6 19. Rd2 Nd8 20. Ne5 Nb7 21. exf5 exf5 22. Qc4+ Kh7 23. Ncd3 Nd5 24. Qc6 Rb8 25. h3 Be6 26. Re2 Qe7 27. Rce1 Nd8 28. Qc5 Qxc5 29. Nxc5 Nf4 30. Re3 Ra8 31. Nxe6 Ndxe6 32. Nf3 Rf6 33. Re5 g6 34. d5 Nf8 35. Re7+ Kg8 36. Rxc7 Nxd5 37. Rc5 Nb6 38. Re7 Rd6 39. Bc2 Nfd7 40. Rc7 Rd8 41. Ra7 Nc8 42. Bb3+ Kh8 43. Ne5 Nxe7 44. Nf7+ Kg7 45. Nxd6 Nc6 46. Rc7 Nce5 47. f4 Nd3 48. Nb7 1-0

[Event "FIDE WYCC Girls U16 2023"]
[Site "Montesilvano"]
[Date "2023.11.15"]
[Round "3.34"]
[White "Tomcaniova, Lucia"]
[Black "Ogay, Anastassiya"]
[Result "1-0"]
[ECO "B13"]
[WhiteElo "1715"]
[BlackElo "1213"]
[Annotator "NA"]
[PlyCount "109"]
[EventDate "2023.11.13"]
[EventType "swiss"]
[EventCountry "ITA"]
[SourceTitle "playchess.com"]
[Source "ChessBase"]
[SourceQuality "1"]
[TimeControl "40/5400+30:1800+30"]

1. e4 c6 2. d4 d5 3. exd5 cxd5 4. Bd3 Nc6 5. c3 Nf6 6. Bf4 Bg4 7. Qb3 Qc8 8. Nd2 e6 9. Ngf3 Be7 10. O-O O-O 11. Ne5 Nxe5 12. dxe5 Nd7 13. Qc2 g6 14. h3 Bf5 15. Bxf5 gxf5 16. Nf3 Qc4 17. Qd2 Nc5 18. Bh6 Ne4 19. Qf4 Rfe8 20. Nd2 Qe2 21. Nxe4 Qh5 22. Qg3+ Qg6 23. Qxg6+ fxg6 24. Nd2 Kf7 25. Nf3 Rac8 26. Rad1 Rg8 27. h4 Rc4 28. Rd4 Rgc8 29. Rfd1 b5 30. Ng5+ Bxg5 31. Bxg5 a5 32. Rxc4 Rxc4 33. Rd4 Ke8 34. Rxc4 dxc4 35. Kf1 Kd7 36. Ke2 Kc6 37. Ke3 Kc5 38. Be7+ Kd5 39. Kf4 a4 40. Bf6 Kc5 41. a3 Kd5 42. f3 h6 43. Bg7 g5+ 44. hxg5 hxg5+ 45. Kxg5 Kc5 46. Kf6 Kd5 47. Bh6 b4 48. axb4 a3 49. bxa3 f4 50. Bxf4 Kc6 51. a4 Kb6 52. Kxe6 Kc6 53. g4 Kc7 54. g5 Kc6 55. g6 1-0

[Event "FIDE WYCC Girls U16 2023"]
[Site "Montesilvano"]
[Date "2023.11.15"]
[Round "3.35"]
[White "Momyn, Madina"]
[Black "Bilguun Bayaraa"]
[Result "0-1"]
[ECO "D11"]
[WhiteElo "1315"]
[BlackElo "1712"]
[Annotator "NA"]
[PlyCount "114"]
[EventDate "2023.11.13"]
[EventType "swiss"]
[EventCountry "ITA"]
[SourceTitle "playchess.com"]
[Source "ChessBase"]
[SourceQuality "1"]
[TimeControl "40/5400+30:1800+30"]

1. d4 d5 2. Nf3 c6 3. g3 Nf6 4. Bg2 Bf5 5. c4 e6 6. Nc3 Be7 7. Qb3 Qb6 8. c5 Qc7 9. Bf4 Qc8 10. Ne5 h6 11. h4 Nbd7 12. Bf3 Nxe5 13. Bxe5 O-O 14. Qd1 Nd7 15. e4 dxe4 16. Bxe4 Nxe5 17. dxe5 Bxc5 18. g4 Bxe4 19. Nxe4 Bb4+ 20. Kf1 Qc7 21. Qb3 Be7 22. f4 Rad8 23. g5 h5 24. Qf3 g6 25. Ke2 Qb6 26. b3 Qb5+ 27. Kf2 Bc5+ 28. Kg2 Be7 29. Rhd1 Qa5 30. Qg3 Rxd1 31. Rxd1 Rd8 32. Rxd8+ Qxd8 33. Qe3 b6 34. Qe2 Qd4 35. Kf3 Bc5 36. Nxc5 Qxc5 37. Qa6 Qd5+ 38. Ke3 Qc5+ 39. Kf3 Qc3+ 40. Ke4 Qe1+ 41. Kf3 Qh1+ 42. Ke3 Qg1+ 43. Kf3 Qg4+ 44. Ke3 Qg3+ 45. Ke4 Qe1+ 46. Kf3 Qd1+ 47. Ke3 Qd7 48. a4 Kf8 49. b4 Ke7 50. Qc4 Qd5 51. Qa6 Qb3+ 52. Ke2 Qxb4 53. Qxa7+ Kf8 54. Qa8+ Kg7 55. Qxc6 Qxf4 56. Qxb6 Qxa4 57. Qe3 Qxh4 0-1

[Event "FIDE WYCC Girls U16 2023"]
[Site "Montesilvano"]
[Date "2023.11.15"]
[Round "4"]
[White "Dobsa, Emma"]
[Black "Kovacs, Reka"]
[Result "0-1"]
[ECO "C55"]
[WhiteElo "1653"]
[BlackElo "1840"]
[Annotator "NA RC"]
[PlyCount "48"]
[EventDate "2023.11.13"]
[EventType "swiss"]
[EventCountry "ITA"]
[SourceTitle "playchess.com"]
[Source "ChessBase"]
[SourceQuality "1"]
[TimeControl "40/5400+30:1800+30"]

1. e4 e5 2. Nf3 Nc6 3. Bc4 Nf6 4. d3 h6 5. O-O d6 6. h3 g5 7. Bxg5 hxg5 8. Nxg5 d5 9. exd5 Na5 10. Re1 Nd7 11. f4 Bg7 12. Qf3 Kf8 13. Ne6+ fxe6 14. dxe6 Nf6 15. fxe5 Qd4+ 16. Kh1 Nxc4 17. dxc4 Bxe6 18. exf6 Qxf6 19. Qxb7 Re8 20. Nc3 Kg8 21. Nd5 Rxh3+ 22. gxh3 Qf3+ 23. Kg1 Bd4+ 24. Ne3 Qxb7 0-1

[Event "FIDE WYCC Girls U16 2023"]
[Site "Montesilvano"]
[Date "2023.11.16"]
[Round "4.1"]
[White "Yu, Yuexi"]
[Black "Wang, Chuqiao"]
[Result "0-1"]
[ECO "C54"]
[WhiteElo "1734"]
[BlackElo "2215"]
[Annotator "RC"]
[PlyCount "60"]
[EventDate "2023.11.13"]
[EventType "swiss"]
[EventCountry "ITA"]
[SourceTitle "playchess.com"]
[Source "ChessBase"]
[SourceQuality "1"]
[TimeControl "40/5400+30:1800+30"]

1. e4 e5 2. Nf3 Nc6 3. Bc4 Nf6 4. d3 Bc5 5. c3 a5 6. O-O d6 7. Re1 O-O 8. h3 h6 9. Bb3 Ba7 10. Nbd2 Be6 11. Bc2 Re8 12. Nf1 d5 13. exd5 Bxd5 14. Be3 Bxe3 15. Rxe3 Qd6 16. Ng3 Be6 17. Ba4 Nd5 18. Re4 Bd7 19. Qd2 Nf4 20. Rd1 Rad8 21. Bc2 Be6 22. d4 f5 23. Ree1 e4 24. Nh2 Ne5 25. b3 Neg6 26. Nhf1 Nh4 27. Nxe4 fxe4 28. Bxe4 Bxh3 29. Nh2 Bxg2 30. Bxg2 Nhxg2 0-1

[Event "FIDE WYCC Girls U16 2023"]
[Site "Montesilvano"]
[Date "2023.11.16"]
[Round "4.2"]
[White "Siekanska, Maria"]
[Black "Maria, Lia-Alexandra"]
[Result "1/2-1/2"]
[ECO "E50"]
[WhiteElo "2180"]
[BlackElo "1877"]
[Annotator "RC"]
[PlyCount "105"]
[EventDate "2023.11.13"]
[EventType "swiss"]
[EventCountry "ITA"]
[SourceTitle "playchess.com"]
[Source "ChessBase"]
[SourceQuality "1"]
[TimeControl "40/5400+30:1800+30"]

1. d4 Nf6 2. c4 e6 3. Nc3 Bb4 4. e3 O-O 5. Bd3 c5 6. Nf3 b6 7. d5 Bxc3+ 8. bxc3 d6 9. O-O e5 10. e4 Nbd7 11. Ne1 Re8 12. a4 Nf8 13. g3 h6 14. Ng2 Ng6 15. Re1 Qd7 16. a5 bxa5 17. Rxa5 Qh3 18. Ne3 h5 19. f3 Qd7 20. Nf5 Qc7 21. Ra2 Ne7 22. Qd2 Nxf5 23. exf5 Bd7 24. Be4 Reb8 25. Qd3 Rb3 26. g4 hxg4 27. fxg4 a5 28. Bf3 a4 29. Bd1 Rab8 30. Bxb3 axb3 31. Rg2 Qc8 32. Qe2 Ra8 33. h4 Ra4 34. g5 Ne8 35. g6 fxg6 36. fxg6 Ra2 37. Qf3 Rxg2+ 38. Kxg2 Bf5 39. Rf1 Bxg6 40. h5 Bc2 41. Qg3 Qa6 42. h6 Qxc4 43. hxg7 Nxg7 44. Bh6 Qxd5+ 45. Kh2 Qb7 46. Rg1 b2 47. Bxg7 b1=Q 48. Bxe5+ Bg6 49. Rxb1 Qxb1 50. Bxd6 Qc2+ 51. Kg1 Qd1+ 52. Kh2 Qe2+ 53. Kg1 1/2-1/2

[Event "FIDE WYCC Girls U16 2023"]
[Site "Montesilvano"]
[Date "2023.11.16"]
[Round "4.3"]
[White "Szczotka, Klara"]
[Black "Tokarz, Izabela"]
[Result "1/2-1/2"]
[ECO "D81"]
[WhiteElo "2020"]
[BlackElo "1931"]
[Annotator "RC"]
[PlyCount "100"]
[EventDate "2023.11.13"]
[EventType "swiss"]
[EventCountry "ITA"]
[SourceTitle "playchess.com"]
[Source "ChessBase"]
[SourceQuality "1"]
[TimeControl "40/5400+30:1800+30"]

1. d4 Nf6 2. c4 g6 3. Nc3 d5 4. Qb3 dxc4 5. Qxc4 Bg7 6. e4 O-O 7. Be2 a6 8. Bf4 b5 9. Qxc7 Qxc7 10. Bxc7 b4 11. Na4 Nc6 12. d5 Nd4 13. Bd3 Bd7 14. Nb6 Ra7 15. Be5 Bb5 16. Bxd4 Bxd3 17. e5 Ng4 18. Rd1 Bb5 19. f4 Rc7 20. h3 Nh6 21. g4 Rc2 22. Rd2 Rc1+ 23. Kf2 Rf1+ 24. Kg3 f5 25. g5 Nf7 26. h4 Rb8 27. h5 gxh5 28. Rxh5 Nd6 29. exd6 Bxd4 30. Rxd4 Rxg1+ 31. Kh2 Rb1 32. dxe7 Rxb2+ 33. Kg3 Rxb6 34. d6 Bd7 35. e8=Q+ Bxe8 36. d7 Bxd7 37. Rxd7 Rc6 38. Rd8+ Kg7 39. Rd7+ Kf8 40. Rh1 Rc3+ 41. Kh4 Rxa2 42. g6 Rc6 43. g7+ Kg8 44. Re1 Rc8 45. Rb7 a5 46. Re5 Rg2 47. Rxa5 Rxg7 48. Rxb4 Rf8 49. Kh5 Rg6 50. Rb7 Rg2 1/2-1/2

[Event "FIDE WYCC Girls U16 2023"]
[Site "Montesilvano"]
[Date "2023.11.16"]
[Round "4.4"]
[White "Kaldarova, Ayaulym"]
[Black "Schebacher, Solene"]
[Result "1-0"]
[ECO "A13"]
[WhiteElo "2005"]
[BlackElo "1859"]
[Annotator "NA RC"]
[PlyCount "101"]
[EventDate "2023.11.13"]
[EventType "swiss"]
[EventCountry "ITA"]
[SourceTitle "playchess.com"]
[Source "ChessBase"]
[SourceQuality "1"]
[TimeControl "40/5400+30:1800+30"]

1. Nf3 Nf6 2. c4 e6 3. g3 a6 4. Bg2 b5 5. b3 Bb7 6. O-O c5 7. Bb2 Be7 8. Nc3 b4 9. Na4 d6 10. d3 O-O 11. e4 Nc6 12. Qe2 Rb8 13. d4 Nxd4 14. Nxd4 cxd4 15. Bxd4 Nd7 16. Rad1 Qc7 17. Nb2 Nc5 18. Nd3 a5 19. Qg4 e5 20. Be3 Bc8 21. Qe2 Rd8 22. f4 Bb7 23. Bxc5 dxc5 24. Nxe5 Bf6 25. Nf3 Re8 26. e5 Bd8 27. Nd2 f6 28. Bxb7 Qxb7 29. Ne4 Be7 30. Rd5 Rbd8 31. Rfd1 Qc7 32. Qg4 Qc6 33. R1d3 Rf8 34. Nd6 Bxd6 35. Qe6+ Kh8 36. Rxd6 Rxd6 37. Qxd6 Qxd6 38. exd6 Rd8 39. Kf2 Kg8 40. Ke3 Re8+ 41. Kf3 Kf7 42. f5 Kf8 43. Rd5 Rd8 44. Ke4 Re8+ 45. Kf4 Rd8 46. g4 g5+ 47. fxg6 hxg6 48. h4 Kf7 49. d7 Ke6 50. h5 gxh5 51. gxh5 1-0

[Event "FIDE WYCC Girls U16 2023"]
[Site "Montesilvano"]
[Date "2023.11.16"]
[Round "4.5"]
[White "Tejaswini G"]
[Black "Begic, Klara"]
[Result "1/2-1/2"]
[ECO "A52"]
[WhiteElo "1956"]
[BlackElo "1877"]
[Annotator "NA RC"]
[PlyCount "83"]
[EventDate "2023.11.13"]
[EventType "swiss"]
[EventCountry "ITA"]
[SourceTitle "playchess.com"]
[Source "ChessBase"]
[SourceQuality "1"]
[TimeControl "40/5400+30:1800+30"]

1. d4 Nf6 2. c4 e5 3. dxe5 Ng4 4. e4 Nxe5 5. f4 Nec6 6. Nc3 Bc5 7. Na4 Bxg1 8. Rxg1 Qh4+ 9. g3 Qxh2 10. Be3 Qh6 11. Qd2 b6 12. Nc3 Bb7 13. f5 Qf6 14. Nd5 Qd8 15. Be2 Ne5 16. Bg5 f6 17. Bh5+ Nf7 18. Bf4 d6 19. O-O-O Nc6 20. g4 h6 21. Qh2 Qd7 22. c5 bxc5 23. Nxc7+ Qxc7 24. Bxd6 Qa5 25. e5 Ncxe5 26. Bxf7+ Kxf7 27. Bxe5 Rhd8 28. Bc3 Qb6 29. Rde1 Re8 30. Qh5+ Kf8 31. g5 hxg5 32. Qh7 Qd6 33. Ref1 Qe7 34. Rxg5 Bd5 35. Rg3 Bg8 36. Qh4 Qe4 37. Qh8 Re7 38. Rfg1 Qf4+ 39. Bd2 Qc4+ 40. Bc3 Qf4+ 41. Bd2 Qc4+ 42. Bc3 1/2-1/2

[Event "FIDE WYCC Girls U16 2023"]
[Site "Montesilvano"]
[Date "2023.11.16"]
[Round "4.6"]
[White "Zhou, Shumeng"]
[Black "Shubhi Gupta"]
[Result "1/2-1/2"]
[ECO "E05"]
[WhiteElo "1559"]
[BlackElo "1940"]
[Annotator "NA RC"]
[PlyCount "76"]
[EventDate "2023.11.13"]
[EventType "swiss"]
[EventCountry "ITA"]
[SourceTitle "playchess.com"]
[Source "ChessBase"]
[SourceQuality "1"]
[TimeControl "40/5400+30:1800+30"]

1. c4 e6 2. Nf3 Nf6 3. g3 d5 4. Bg2 Be7 5. O-O O-O 6. d4 dxc4 7. Ne5 Nc6 8. Bxc6 bxc6 9. Nxc6 Qe8 10. Nxe7+ Qxe7 11. Qa4 c5 12. Qa3 Bb7 13. Nc3 Rfc8 14. Bg5 h6 15. Bxf6 Qxf6 16. dxc5 Qe7 17. Rfd1 Rxc5 18. Rd4 Qc7 19. Rad1 Re5 20. e4 Qc5 21. Qxc5 Rxc5 22. Rd8+ Kh7 23. Rxa8 Bxa8 24. Rd7 f5 25. exf5 exf5 26. Rxa7 Rc8 27. f4 Be4 28. Nxe4 fxe4 29. Re7 Rb8 30. Rxe4 Rxb2 31. Rxc4 Rxa2 32. Re4 Kg6 33. h3 Kf6 34. g4 Rc2 35. Re1 h5 36. Rf1 hxg4 37. hxg4 g5 38. fxg5+ Kxg5 1/2-1/2

[Event "FIDE WYCC Girls U16 2023"]
[Site "Montesilvano"]
[Date "2023.11.16"]
[Round "4.7"]
[White "Nurmanova, Alua"]
[Black "Tadic, Ana"]
[Result "1-0"]
[ECO "B40"]
[WhiteElo "2367"]
[BlackElo "1791"]
[Annotator "RC"]
[PlyCount "37"]
[EventDate "2023.11.13"]
[EventType "swiss"]
[EventCountry "ITA"]
[SourceTitle "playchess.com"]
[Source "ChessBase"]
[SourceQuality "1"]
[TimeControl "40/5400+30:1800+30"]

1. e4 c5 2. Nf3 e6 3. Nc3 Nc6 4. Be2 d5 5. exd5 exd5 6. d4 Be6 7. O-O Nf6 8. Bg5 c4 9. Bxc4 dxc4 10. d5 Bxd5 11. Bxf6 Bxf3 12. Re1+ Be7 13. Qxf3 gxf6 14. Rad1 Qa5 15. Rd5 Qb4 16. Qxf6 Rg8 17. Rb5 Kd8 18. Qf4 Bg5 19. Qxf7 1-0

[Event "FIDE WYCC Girls U16 2023"]
[Site "Montesilvano"]
[Date "2023.11.16"]
[Round "4.8"]
[White "Berezovsky, Fiorina"]
[Black "Ter-Avetisjana, Agnesa Stepania"]
[Result "0-1"]
[ECO "D13"]
[WhiteElo "1787"]
[BlackElo "2105"]
[Annotator "NA RC"]
[PlyCount "92"]
[EventDate "2023.11.13"]
[EventType "swiss"]
[EventCountry "ITA"]
[SourceTitle "playchess.com"]
[Source "ChessBase"]
[SourceQuality "1"]
[TimeControl "40/5400+30:1800+30"]

1. d4 d5 2. c4 c6 3. cxd5 cxd5 4. Nc3 Nf6 5. Nf3 Nc6 6. Bf4 a6 7. Rc1 Bf5 8. Ne5 Rc8 9. e3 Qb6 10. Qd2 e6 11. Be2 Bb4 12. f3 O-O 13. O-O Nxe5 14. Bxe5 Nd7 15. Bg3 Qa5 16. Bf2 Bxc3 17. bxc3 b5 18. g4 Bg6 19. Bh4 Rfe8 20. f4 Be4 21. Bd1 f5 22. gxf5 exf5 23. Bf3 Nb6 24. Qg2 Rc6 25. Qh3 Bxf3 26. Qxf3 Qa3 27. Qh5 g6 28. Qh6 Nd7 29. Rce1 Rxc3 30. Rf3 Rcxe3 31. Rfxe3 Rxe3 32. Rxe3 Qxe3+ 33. Bf2 Qf3 34. Bg3 Nf6 35. Qg5 Kf7 36. Bh4 Qg4+ 37. Kf1 Qxg5 38. Bxg5 Ne4 39. Bh4 b4 40. Be1 a5 41. Ke2 Nc3+ 42. Bxc3 bxc3 43. Kd3 g5 44. fxg5 Kg6 45. h4 Kh5 46. Kxc3 Kxh4 0-1

[Event "FIDE WYCC Girls U16 2023"]
[Site "Montesilvano"]
[Date "2023.11.16"]
[Round "4.9"]
[White "Zelbova, Lada"]
[Black "Kiraly, Lilla Virag"]
[Result "*"]
[ECO "D00"]
[WhiteElo "2057"]
[BlackElo "1765"]
[Annotator "RC"]
[PlyCount "175"]
[EventDate "2023.11.13"]
[EventType "swiss"]
[EventCountry "ITA"]
[SourceTitle "playchess.com"]
[Source "ChessBase"]
[SourceQuality "1"]
[TimeControl "40/5400+30:1800+30"]

1. d4 d5 2. Bf4 c5 3. c3 Nc6 4. e3 Nf6 5. Nd2 Bf5 6. Ngf3 Qb6 7. Nh4 Bd7 8. Qb3 Qxb3 9. axb3 Nh5 10. Bg3 e6 11. Nhf3 Nxg3 12. hxg3 Be7 13. Bd3 b6 14. Ke2 Bf6 15. Ba6 Rb8 16. Bb5 Rb7 17. Ra2 Ke7 18. Ba6 Rc7 19. g4 g6 20. Nb1 Na5 21. Nbd2 Nc6 22. g5 Bg7 23. Rha1 Ra8 24. Bd3 e5 25. dxe5 Nxe5 26. Nxe5 Bxe5 27. Nf3 Bg7 28. Ra6 Bc6 29. R1a2 Kd6 30. b4 cxb4 31. cxb4 Rb7 32. Nd4 Bd7 33. Kd2 h6 34. gxh6 Bxh6 35. Bb5 Bg7 36. Bxd7 Bxd4 37. Bg4 Bg7 38. Bf3 Rc7 39. Rxb6+ axb6 40. Rxa8 Bxb2 41. Rd8+ Ke7 42. Rxd5 Bc3+ 43. Kd3 Bxb4 44. Rb5 Bc5 45. g4 Kf6 46. Bd1 Ra7 47. Bb3 Kg5 48. f3 Re7 49. Kd2 f5 50. gxf5 Bxe3+ 51. Kd3 gxf5 52. Rd5 Bc5 53. Bd1 Kf4 54. Kc2 Rc7 55. Kb3 Rf7 56. Bc2 Rf6 57. Bb1 Bf2 58. Bc2 Bg3 59. Bb1 Kg5 60. Bc2 Bc7 61. Bb1 Kf4 62. Kb4 Be5 63. Kb5 Re6 64. Bc2 Kg5 65. Bb1 f4 66. Be4 Kf6 67. Rd8 Ke7 68. Rd5 Bb2 69. Rf5 Bc1 70. Rd5 Be3 71. Bf5 Rh6 72. Rd7+ Ke8 73. Rd5 Rh2 74. Kc6 Ke7 75. Be4 Rb2 76. Re5+ Kf6 77. Rf5+ Ke6 78. Rb5 Rd2 79. Bf5+ Kf6 80. Be4 Rd4 81. Kb7 Rc4 82. Bd3 Rc3 83. Be4 Bc5 84. Bc6 Ke5 85. Be4 Kd4 86. Kc6 Ke3 87. Bd5 Kf2 88. Rb2+ *

[Event "FIDE WYCC Girls U16 2023"]
[Site "Montesilvano"]
[Date "2023.11.16"]
[Round "4.10"]
[White "Bilguun Bayaraa"]
[Black "Peglau, Charis"]
[Result "1/2-1/2"]
[ECO "A41"]
[WhiteElo "1712"]
[BlackElo "2045"]
[Annotator "NA RC"]
[PlyCount "66"]
[EventDate "2023.11.13"]
[EventType "swiss"]
[EventCountry "ITA"]
[SourceTitle "playchess.com"]
[Source "ChessBase"]
[SourceQuality "1"]
[TimeControl "40/5400+30:1800+30"]

1. d4 d6 2. c4 e5 3. d5 f5 4. Nc3 Nf6 5. f3 g6 6. Bg5 Bg7 7. e4 h6 8. Bxf6 Qxf6 9. Qc2 Na6 10. a3 O-O 11. Nge2 Nc5 12. b4 fxe4 13. bxc5 exf3 14. Ne4 Qh4+ 15. g3 Qe7 16. cxd6 cxd6 17. N2c3 a6 18. Bd3 f2+ 19. Nxf2 e4 20. Nfxe4 Bg4 21. h3 Bf3 22. O-O Bxe4 23. Bxe4 Bxc3 24. Qxc3 Qxe4 25. Rae1 Rxf1+ 26. Rxf1 Re8 27. Qf6 Re7 28. Qf8+ Kh7 29. Rf7+ Rxf7 30. Qxf7+ Kh8 31. Qf8+ Kh7 32. Qf7+ Kh8 33. Qf8+ Kh7 1/2-1/2